 Dungeon Crawl Stone Soup version 0.30-a0-867-g305f33218d (webtiles) character file.

Game seed: 127217584373724246

30359 meleth the Protected (level 13, -2/122 HPs)
             Began as a Minotaur Fighter on Mar 10, 2023.
             Was a High Priest of Vehumet.
             Slain by an 18-headed hydra (4 damage)
             ... on level 1 of the Lair of Beasts.
             The game lasted 03:47:04 (10612 turns).

meleth the Protected (Minotaur Fighter)            Turns: 10612, Time: 03:47:07

Health: -2/122     AC: 32    Str: 27    XL:     13   Next: 20%
Magic:  12/12      EV:  9    Int:  5    God:    Vehumet [*****.]
Gold:   2113       SH: 12    Dex: 15    Spells: 12/12 levels left

rFire   + + .      SeeInvis +    n - +10 hand axe of Vedad {spect, SInv Stlth+}
rCold   + + .      Faith    .    F - +0 kite shield
rNeg    + . .      Spirit   .    u - +3 plate armour {rC+}
rPois   .          Reflect  .    Z - +1 hat
rElec   .          Rampage  .    I - +0 cloak
rCorr   .                        r - +1 pair of gloves of Sunlight {rF+ rN+}
Will    .....                    N - +0 pair of boots Stlth
                                 t - amulet of regeneration
HPRegen 1.20/turn                x - +6 ring of dexterity
MPRegen 0.13/turn                G - +4 ring of protection

@: frozen, very slow
A: horns 2, retaliatory headbutt, iridescent scales 1, cold resistance 1, fire
resistance 1
a: Renounce Religion


You were on level 1 of the Lair of Beasts.
You worshipped Vehumet.
Vehumet was extremely pleased with you.
You visited 3 branches of the dungeon, and saw 14 of its levels.

You collected 2594 gold pieces.
You spent 481 gold pieces at shops.

Inventory:

Hand Weapons
 l - a +0 war axe of draining
 m - a +1 heavy war axe
 n - the +10 hand axe of Vedad (weapon) {spect, SInv Stlth+}
   (You found it on level 4 of the Dungeon)

   SInv:      It lets you see invisible.
   Stlth:     It makes you more stealthy.
 R - a +2 war axe
 X - a +4 battleaxe
Missiles
 J - 17 boomerangs
 Y - a throwing net
Armour
 r - the +1 pair of gloves of Sunlight (worn) {rF+ rN+}
   (You found it on level 4 of the Dungeon)

   rF:        It protects you from fire.
   rN:        It protects you from negative energy.
 u - a +3 plate armour of cold resistance (worn)
 F - a +0 kite shield (worn)
 I - a +0 cloak (worn)
 N - a +0 pair of boots (worn)
 O - an orb of light
 P - a +3 plate armour
 Z - a +1 hat (worn)
Magical Staves
 B - a staff of earth
Jewellery
 g - a ring of fire
 t - an amulet of regeneration (around neck)
 x - a +6 ring of dexterity (left hand)
 C - a ring of positive energy
 G - a +4 ring of protection (right hand)
 K - a ring of see invisible
 M - an amulet of faith
 Q - a ring of magical power
 S - a ring of ice
 W - a ring of protection from cold
Wands
 c - a wand of flame (26) (quivered)
 e - a wand of roots (3)
 f - a wand of paralysis (10)
 h - a wand of mindburst (10)
 U - a wand of digging (8)
 V - a wand of polymorph (7)
Scrolls
 k - 12 scrolls of identify
 o - 2 scrolls of fog
 q - 2 scrolls of amnesia
 v - a scroll of poison
 y - a scroll of magic mapping
 A - a scroll of enchant weapon
 D - 2 scrolls of immolation
 E - 3 scrolls of teleportation
 L - 2 scrolls of fear
Potions
 a - a potion of ambrosia {unknown}
 b - 2 potions of haste
 d - 3 potions of might
 i - 2 potions of attraction
 p - 2 potions of curing
 s - a potion of heal wounds
 w - a potion of resistance
 z - 2 potions of lignification
 H - a potion of berserk rage
 T - a potion of mutation
Miscellaneous
 j - a lightning rod (4/4)


   Skills:
 + Level 13.2 Fighting
 + Level 4.8 Long Blades
 - Level 14.0 Axes
 + Level 1.2 Ranged Weapons
 + Level 14.2 Armour
 + Level 4.0 Dodging
 - Level 0.8 Stealth
 + Level 12.5 Shields


You had 12 spell levels left.
You didn't know any spells.
Your spell library contained the following spells:

 Spells                   Type           Power      Damage    Failure   Level
 Freezing Cloud           Conj/Ice/Air   0%         6-21      100%        5
 Dazzling Flash           Conj/Hex       0%         N/A       99%         3
 Blink                    Tloc           0%         N/A       100%        2
 Animate Dead             Necr           0%         N/A       100%        4
 Iskenderun's Mystic Bla  Conj/Tloc      0%         2d3       100%        4
 Manifold Assault         Tloc           0%         N/A       100%        4
 Summon Ice Beast         Ice/Summ       0%         N/A       100%        4
 Borgnjor's Vile Clutch   Necr/Erth      0%         N/A       100%        5
 Summon Mana Viper        Hex/Summ       0%         N/A       100%        5
 Death Channel            Necr           0%         N/A       100%        6
 Starburst                Conj/Fire      0%         6d3       100%        6
 Monstrous Menagerie      Summ           0%         N/A       100%        7
 Storm Form               Tmut/Air       0%         N/A       100%        7


Dungeon Overview and Level Annotations

Branches:
Dungeon (11/15)            Temple (0/1) D:5            Lair (1/5) D:11
    Orc (2/2) D:10            Elf (0/3) Orc:2

Altars:
Nemelex Xobeh
Qazlal
Trog
Vehumet
Yredelemnul

Shops:
D:8 *   Orc:2 !:([*

Annotations:
D:8 exclusion: ice statue


Innate Abilities, Weirdness & Mutations

You have a pair of horns on your head.
You reflexively headbutt those who attack you in melee.
You are partially covered in iridescent scales. (AC +2)
Your flesh is cold resistant. (rC+)
Your flesh is heat resistant. (rF+)


Message History

You block the 18-headed hydra's attack. x2; The 18-headed hydra bites you!
You block the 18-headed hydra's attack. The 18-headed hydra bites you. x2
* * * LOW HITPOINT WARNING * * *
The 18-headed hydra bites you!
* * * LOW HITPOINT WARNING * * *
The 18-headed hydra bites you but does no damage.
The 18-headed hydra barely misses you. The 18-headed hydra misses you.
You block the 18-headed hydra's attack.
The 18-headed hydra bites you but does no damage.
The 18-headed hydra barely misses you.
The 18-headed hydra bites you but does no damage.
The 18-headed hydra barely misses you. You block the 18-headed hydra's attack.
The 18-headed hydra bites you but does no damage.
The rime drake barely misses you.
The rime drake attacks as you move away!
The rime drake bites you but does no damage.
You feel yourself speed up. The rime drake breathes ice at you.
The icy flash freeze hits you! You partially resist.
* * * LOW HITPOINT WARNING * * *
You are encased in ice.
The 18-headed hydra bites you but does no damage. x2
The 18-headed hydra closely misses you. You block the 18-headed hydra's attack.
The 18-headed hydra bites you!
* * * LOW HITPOINT WARNING * * *
You block the 18-headed hydra's attack. x2
The 18-headed hydra bites you but does no damage. x2
You block the 18-headed hydra's attack. The 18-headed hydra barely misses you.
The 18-headed hydra bites you.
* * * LOW HITPOINT WARNING * * *
The 18-headed hydra bites you but does no damage. x3
The 18-headed hydra bites you!
* * * LOW HITPOINT WARNING * * *
The 18-headed hydra bites you but does no damage.
The 18-headed hydra barely misses you.
The 18-headed hydra bites you but does no damage.
The 18-headed hydra barely misses you. x2
The 18-headed hydra bites you but does no damage. x4
The 18-headed hydra bites you.
You die...

..# ##.....# ##........#
..# #......# #.........#
..# ##.....# #.........#
.## #.....#####........#
.## #.....##......####.#
.P# #...####..#..P# #.#
..# #...#...†###### #.#
.## #..##..###~$[ #.# .#
#..#.@##Sw~)( ##.# .#
##..##kDSS≈~~~ #P.# .#
### ###....#§.!S≈≈~~
#..#
.####.###.##..##.#S≈~~~≈
##.##
..............#..#≈≈≈≈~≈
#..#
P.P##....#######.##≈≈≈≈≈
#.## .........# #..
#≈.≈# ##.# ....#....#
##. ...# ##..#
....#....##### # #..
##...#


You could see a 18-headed hydra, a rime drake and 4 electric eels.

Vanquished Creatures
  Jorgrun (Orc:1)
  2 orc warlords
  Snorg (D:11)
  The ghost of Farfigtubin the Unseen, a journeyman KoBr of Wu Jian (Orc:2)
  A boulder beetle (D:11)
  A two-headed ogre (D:8)
  An orc high priest (Orc:2)
  Pikel (D:8)
  4 orc knights (Orc:2)
  3 orc sorcerers
  A cyclops (Orc:2)
  Maurice (D:8)
  5 elephants
  3 cane toads (Lair:1)
  Psyche (D:8)
  3 kobold demonologists
  A komodo dragon (Lair:1)
  An unseen horror (D:11)
  A rime drake (Lair:1)
  7 trolls
  A hornet (D:9)
  3 wraiths
  21 yaks
  A shadow (D:11)
  3 wyverns
  A vampire (D:9)
  2 basilisks
  2 steam dragons
  3 wargs
  4 water moccasins
  2 sky beasts (D:6)
  2 black bears (D:11)
  An ice beast (D:6)
  32 orc warriors
  3 ogres
  14 wolves (Lair:1)
  4 centaurs
  4 lemures (D:8)
  2 phantoms (D:6)
  5 bullfrogs
  3 kobold brigands
  3 scorpions
  A gnoll sergeant (D:9)
  17 wights (D:8)
  6 killer bees (D:9)
  An electric eel (D:9)
  7 howler monkeys
  A jelly (D:5)
  A gnoll bouda (D:7)
  14 orc priests
  Crazy Yiuf (D:7)
  3 hounds (D:5)
  Jessica (D:2)
  An iguana (D:4)
  15 orc wizards
  Robin (D:4)
  14 gnolls
  4 adders
  A shadow imp (D:7)
  A white imp (D:7)
  2 ufetubi
  60 orcs
  8 bats
  2 endoplasms (D:1)
  5 giant cockroaches
  20 goblins
  7 hobgoblins
  9 jackals (D:1)
  3 quokkas
  7 ball pythons
  2 frilled lizards (D:1)
  14 kobolds
  5 rats (D:1)
  A bush (Lair:1)
  A plant (Lair:1)
392 creatures vanquished.

Vanquished Creatures (others)
  An orc wizard (Orc:1)
  15 fungi
  13 plants (Lair:1)
29 creatures vanquished.

Grand Total: 421 creatures vanquished

Notes
Turn   | Place    | Note
-------+----------+-------------------------------------------
     0 | D:1      | meleth the Minotaur Fighter began the quest for the Orb.
     0 | D:1      | Reached XP level 1. HP: 19/19 MP: 0/0
   138 | D:1      | Reached XP level 2. HP: 27/27 MP: 1/1
   450 | D:1      | Reached XP level 3. HP: 23/33 MP: 2/2
   762 | D:2      | Noticed Jessica
   769 | D:2      | Killed Jessica
   855 | D:2      | Reached XP level 4. HP: 39/40 MP: 3/3
  1131 | D:2      | Reached skill level 1 in Dodging
  1173 | D:2      | Reached skill level 1 in Ranged Weapons
  1608 | D:3      | Reached XP level 5. HP: 39/46 MP: 4/4
  1618 | D:3      | Found a faded altar of an unknown god.
  1655 | D:3      | Found a radiant altar of Vehumet.
  1665 | D:3      | Became a worshipper of Vehumet
  1893 | D:4      | Identified the +10 hand axe of Vedad {spect, SInv Stlth+}
  1900 | D:4      | Reached skill level 5 in Armour
  1985 | D:4      | Noticed Robin
  1995 | D:4      | Killed Robin
  2028 | D:4      | Identified the +1 pair of gloves of Sunlight {rF+ rN+}
  2059 | D:4      | Reached skill level 1 in Axes
  2059 | D:4      | Reached XP level 6. HP: 53/53 MP: 5/5
  2133 | D:4      | Reached * piety under Vehumet
  2133 | D:4      | Offered knowledge of Foxfire by Vehumet.
  2584 | D:5      | Entered Level 5 of the Dungeon
  2686 | D:5      | Found a staircase to the Ecumenical Temple.
  2901 | D:5      | Reached XP level 7. HP: 58/60 MP: 6/6
  2908 | D:5      | Reached skill level 5 in Fighting
  3037 | D:5      | Identified a scroll of acquirement
  3037 | D:5      | Acquired 860 gold pieces
  3106 | D:6      | Found a bloodstained altar of Trog.
  3108 | D:6      | Found a sparkling altar of Nemelex Xobeh.
  3298 | D:6      | Reached skill level 5 in Axes
  3301 | D:6      | Reached ** piety under Vehumet
  3301 | D:6      | Offered knowledge of Magic Dart by Vehumet.
  3390 | D:6      | Reached XP level 8. HP: 41/69 MP: 7/7
  3752 | D:6      | Found a basalt altar of Yredelemnul.
  3910 | D:7      | Reached skill level 5 in Shields
  4068 | D:7      | Found a stormy altar of Qazlal.
  4361 | D:7      | Found a runed translucent door.
  4362 | D:7      | Noticed Crazy Yiuf
  4376 | D:7      | Killed Crazy Yiuf
  4715 | D:8      | Reached XP level 9. HP: 78/78 MP: 8/8
  4784 | D:8      | Noticed Psyche
  4789 | D:8      | Killed Psyche
  4850 | D:8      | Found Biet's Assorted Antiques.
  4862 | D:8      | Bought a smoky orange potion for 20 gold pieces
  4862 | D:8      | Bought a scroll of identify for 46 gold pieces
  4862 | D:8      | Bought a scroll of identify for 46 gold pieces
  4896 | D:8      | Noticed a two-headed ogre
  4897 | D:8      | Noticed Pikel
  4905 | D:8      | Killed a two-headed ogre
  4911 | D:8      | Killed Pikel
  4912 | D:8      | Reached skill level 10 in Axes
  4939 | D:8      | Bought an embroidered hat for 161 gold pieces
  5009 | D:8      | Noticed an ice devil
  5014 | D:8      | Noticed an ice devil
  5016 | D:8      | Noticed an ice devil
  5020 | D:8      | Noticed an ice devil
  5020 | D:8      | Noticed an ice statue
  5030 | D:8      | Noticed Maurice
  5033 | D:8      | Noticed an ice devil
  5039 | D:8      | Killed Maurice
  5039 | D:8      | Offered knowledge of Ignite Poison by Vehumet.
  5040 | D:8      | Reached XP level 10. HP: 75/88 MP: 9/9
  5320 | D:8      | Reached *** piety under Vehumet
  5767 | D:9      | Reached skill level 10 in Armour
  5769 | D:9      | Offered knowledge of Sticky Flame by Vehumet.
  6091 | D:9      | Gained mutation: You are clumsy. (Dex -2) [potion of
                  | mutation]
  6091 | D:9      | Gained mutation: You are partially covered in iridescent
                  | scales. (AC +2) [potion of mutation]
  6091 | D:9      | Gained mutation: Your spells are a little harder to cast,
                  | but a little more powerful. [potion of mutation]
  6091 | D:9      | Gained mutation: Your flesh is heat resistant. (rF+)
                  | [potion of mutation]
  6225 | D:9      | Lost mutation: You are clumsy. (Dex -2) [potion of
                  | mutation]
  6225 | D:9      | Lost mutation: Your spells are a little harder to cast, but
                  | a little more powerful. [potion of mutation]
  6225 | D:9      | Lost mutation: You are partially covered in iridescent
                  | scales. (AC +2) [potion of mutation]
  6225 | D:9      | Gained mutation: You are partially covered in iridescent
                  | scales. (AC +2) [potion of mutation]
  6225 | D:9      | Gained mutation: Your flesh is cold resistant. (rC+)
                  | [potion of mutation]
  6288 | D:10     | Entered Level 10 of the Dungeon
  6340 | D:10     | Reached XP level 11. HP: 96/97 MP: 10/10
  6417 | D:10     | Reached **** piety under Vehumet
  6423 | D:10     | Found a staircase to the Orcish Mines.
  6431 | D:10     | Offered knowledge of Yara's Violent Unravelling by Vehumet.
  6897 | Orc:1    | Entered Level 1 of the Orcish Mines
  6915 | Orc:1    | Noticed an orc warlord
  7031 | Orc:1    | Killed an orc warlord
  7056 | Orc:1    | Noticed an orc sorcerer
  7062 | Orc:1    | Killed an orc sorcerer
  7154 | Orc:1    | Noticed Jorgrun
  7166 | Orc:1    | Killed Jorgrun
  7167 | Orc:1    | Reached skill level 10 in Fighting
  7495 | Orc:1    | Reached ***** piety under Vehumet
  7780 | Orc:2    | Entered Level 2 of the Orcish Mines
  7781 | Orc:2    | Found Lexuaj's Antique Weapon Shoppe.
  7781 | Orc:2    | Noticed an orc knight
  7789 | Orc:2    | Offered knowledge of Spellforged Servitor by Vehumet.
  7799 | Orc:2    | Reached skill level 10 in Shields
  7804 | Orc:2    | Killed an orc knight
  7806 | Orc:2    | Noticed an orc knight
  7823 | Orc:2    | Killed an orc knight
  7836 | Orc:2    | Reached XP level 12. HP: 46/107 MP: 11/11
  7860 | Orc:2    | Noticed an orc warlord
  7862 | Orc:2    | Noticed an orc high priest
  8056 | Orc:2    | Killed an orc warlord
  8110 | Orc:2    | Found Jiblowug's Antique Armour Shop.
  8181 | Orc:2    | Found a runed translucent gate.
  8181 | Orc:2    | Found a runed translucent gate.
  8208 | Orc:2    | Found Felairr's General Store.
  8229 | Orc:2    | Killed an orc high priest
  8232 | Orc:2    | HP: 2/110 [orc warrior/+0 halberd (8)]
  8431 | Orc:2    | Found a runed translucent gate.
  8432 | Orc:2    | Noticed Farfigtubin's ghost (journeyman KoBr)
  8464 | Orc:2    | Killed Farfigtubin's ghost
  8517 | Orc:2    | Found a staircase to the Elven Halls.
  8627 | Orc:2    | Found Jeshrur's Distillery.
  8646 | Orc:2    | Bought a potion of heal wounds for 80 gold pieces
  8700 | Orc:2    | Found Puxosius's Book Shoppe.
  8992 | Orc:2    | Bought a potion of mutation for 128 gold pieces
  9514 | D:11     | Noticed a boulder beetle
  9521 | D:11     | Killed a boulder beetle
  9754 | D:11     | Noticed Snorg
  9758 | D:11     | Found a staircase to the Lair.
  9766 | D:11     | Killed Snorg
  9861 | Lair:1   | Entered Level 1 of the Lair of Beasts
  9934 | Lair:1   | Offered knowledge of Freezing Cloud by Vehumet.
 10232 | Lair:1   | Reached XP level 13. HP: 113/119 MP: 12/12
 10612 | Lair:1   | HP: 2/122 [18-headed hydra (7)]
 10612 | Lair:1   | Slain by an 18-headed hydra

Illustrated notes

Levels and vault maps discovered:
D:1:      dpeg_arrival_connections, layout_basic
D:2:      layout_loops_ring, uniq_jessica
D:3:      layout_rooms, fiery_altar_vehumet, nicolae_ecumenical_snake_handling
D:4:      layout_rooms, uniq_robin
D:5:      layout_rooms, minmay_temple_entry_wispy
D:6:      layout_basic, nicolae_overflow_hidden_temple, hex_tiny
D:7:      layout_loops_cross, nicolae_qazlal_eye_of_the_storm,
          uniq_crazy_yiuf_cottage
D:8:      cheibrodos_frozen_isle, layout_basic, serial_shops,
          nicolae_square_shop, kennysheep_potato, uniq_pikel, uniq_psyche,
          uniq_maurice
D:9:      layout_cave_pools, serial_bayou_ford_a, minmay_misc_feat_columns,
          serial_bayou_lagoon_a, nrook_mini_backslash
D:10:     layout_cave_pools, erik_orc_3, nicolae_nh_ransacked_shop
D:11:     layout_irregular_city, david_lair_generic, uniq_snorg
Lair:1:   layout_chaotic_city, pdpol_lair_cavern_descent, serial_bayou_shore_b
Orc:1:    layout_diamond_mine, minmay_orc_keep, uniq_jorgrun
Orc:2:    grunt_orc_gardens, layout_diamond_mine, grunt_orc_garden,
          grunt_orc_garden, grunt_orc_garden, grunt_orc_garden, serial_shops,
          nicolae_square_shop, ebering_ghost_rock_garden

Skill      XL: |  1  2  3  4  5  6  7  8  9 10 11 12 13 |
---------------+----------------------------------------+-----
Armour         | 4 5 6 7 9 10 12 14 | 14.2
Fighting       | 4 5 6 7 9 10 12 13 | 13.2
Long Blades    | 3 4 |  4.8
Dodging        | 1 2 3 4 |  4.0
Ranged Weapons | 1 |  1.2
Shields        | 4 5 6 8 10 12 | 12.5
Axes           | 1 3 5 8 10 12 13 14 | 14.0
Stealth        | |  0.8

Action                     |  1- 3 |  4- 6 |  7- 9 | 10-12 | 13-15 || total
---------------------------+-------+-------+-------+-------+-------++-------
  Melee: Long sword        |    60 |    47 |       |       |       ||   107
         Headbutt          |     6 |     8 |    24 |   124 |    22 ||   184
         Hand axe          |       |    41 |   122 |   452 |    87 ||   702
   Fire: Sling             |    11 |       |       |       |       ||    11
    Use: Scroll            |     4 |     4 |     6 |     4 |       ||    18
         Potion            |     2 |     5 |     3 |     6 |       ||    16
   Stab: Distracted        |       |     1 |       |    18 |     2 ||    21
 Armour: Scale mail        |    46 |    36 |    24 |       |       ||   106
         Plate armour      |       |       |    54 |   199 |    81 ||   334
  Dodge: Dodged            |    56 |    65 |    41 |   101 |    32 ||   295
  Block: Buckler           |    21 |    30 |    13 |       |       ||    64
         Kite shield       |       |       |    23 |   198 |    53 ||   274

Table legend: (Time is in decaauts)
 A = Elapsed time spent in this place.
 B = Non-inter-level travel time spent in this place.
 C = Inter-level travel time spent in this place.
 D = Time resting spent in this place.
 E = Time spent auto-exploring this place.
 F = Levels seen in this place.
 G = Mean time per level.
                   A        B        C        D        E       F      G
               +--------+--------+--------+--------+--------+-----+--------+
         Total |  10612 |   2667 |   7945 |    332 |      0 |  14 |  758.0 |
       Dungeon |   7514 |   1755 |   5759 |    134 |      0 |  11 |  683.1 |
          Lair |    715 |    238 |    477 |      0 |      0 |   1 |  715.0 |
  Orcish Mines |   2382 |    674 |   1708 |    198 |      0 |   2 | 1191.0 |
               +--------+--------+--------+--------+--------+-----+--------+

Top non-repeatable levels by time:
   Orc:2: 1276 daAuts
   Orc:1: 1105 daAuts
     D:8: 975 daAuts
     D:1: 929 daAuts
     D:7: 929 daAuts
     D:2: 819 daAuts
    D:10: 722 daAuts
     D:6: 718 daAuts
  Lair:1: 715 daAuts
     D:9: 559 daAuts
     D:5: 538 daAuts
     D:3: 467 daAuts
     D:4: 451 daAuts
    D:11: 402 daAuts
